 Dungeon Crawl Stone Soup version 0.30.1-4-g462c640d31 (webtiles) character file.

Game seed: 7432291017610113295

1141 anacleto the Ruffian (level 8, -14/78 HPs)
             Began as a Troll Gladiator on Aug 20, 2023.
             Demolished by a two-headed ogre
             ... wielding a +0 giant club
              (16 damage)
             ... on level 5 of the Dungeon.
             The game lasted 00:14:51 (4449 turns).

anacleto the Ruffian (Troll Gladiator)              Turns: 4449, Time: 00:14:52

Health: -14/78     AC:  4    Str: 25    XL:     8   Next: 14%
Magic:  7/7        EV: 10    Int:  4    God:
Gold:   281        SH:  0    Dex: 11    Spells: 7/7 levels left

rFire   . .          .
                       - Unarmed
rCold   . . .        (no shield)
rNeg    . . .        a - +0 robe
rPois   .            b - +0 hat
rElec   .            (no cloak)
rCorr   .            (gloves unavailable)
SInv    .            (boots unavailable)
Will    .....        (no amulet)
Stlth   +            (no ring)
HPRegen 1.13/turn    (no ring)
MPRegen 0.10/turn

%: no passive effects
@: no status effects
A: large, unfitting armour, claws 3, regeneration 1, shaggy fur 1, tough skin 1
a: no special abilities


You were on level 5 of the Dungeon.
You visited 1 branch of the dungeon, and saw 5 of its levels.
You also visited: Sewer.

You collected 281 gold pieces.

Inventory:

Missiles
 c - 3 throwing nets
 d - a large rock
 l - 48 stones
 w - 2 atropa-tipped darts
 y - 2 boomerangs (quivered)
 E - 5 poisoned darts
Armour
 a - a +0 robe (worn)
 b - a +0 hat (worn)
Jewellery
 q - a ring of positive energy
Wands
 x - a wand of roots (7)
Scrolls
 e - a scroll of silence
 f - 2 scrolls of noise
 h - a scroll of poison
 j - a scroll of torment {unknown}
 k - a scroll of blinking {unknown}
 m - a scroll of fog {unknown}
 o - 3 scrolls of teleportation
 p - a scroll of enchant weapon {unknown}
 t - 3 scrolls of fear {unknown}
 u - a scroll of enchant armour {unknown}
 B - 2 scrolls of butterflies {unknown}
 C - a scroll of acquirement {unknown}
Potions
 g - a potion of brilliance {unknown}
 i - a potion of cancellation {unknown}
 n - 2 potions of attraction
 r - a potion of invisibility {unknown}
 s - 2 potions of mutation {unknown}
 v - 2 potions of heal wounds {unknown}
 z - a potion of flight {unknown}
 A - a potion of magic {unknown}
 D - a potion of ambrosia


   Skills:
 + Level 4.2 Fighting
 + Level 4.6 Throwing
 - Level 2.4 Dodging
 * Level 7.5 Unarmed Combat


You had 7 spell levels left.
You didn't know any spells.
Your spell library contained the following spells:

 Spells                   Type           Power      Damage    Failure   Level
 Magic Dart               Conj           0%         1d3       50%         1
 Slow                     Hex            0%         N/A       50%         1
 Searing Ray              Conj           0%         2d4       65%         2
 Confusing Touch          Hex            0%         N/A       86%         3
 Frozen Ramparts          Ice            0%         1d1       86%         3
 Tukima's Dance           Hex            0%         N/A       86%         3
 Vampiric Draining        Necr           0%         2d6       86%         3
 Fulminant Prism          Conj/Hex       0%         3d5       99%         4
 Ice Form                 Ice/Tmut       0%         N/A       99%         4
 Passage of Golubria      Tloc           0%         N/A       99%         4
 Summon Ice Beast         Ice/Summ       0%         N/A       99%         4
 Yara's Violent Unravell  Hex/Tmut       0%         3d3       100%        5
 Chain Lightning          Conj/Air       0%         N/A       100%        9
 Fire Storm               Conj/Fire      0%         5d1       100%        9
 Shatter                  Erth           0%         3d5*      100%        9


Dungeon Overview and Level Annotations

Branches:
Dungeon (5/15)              Sewer (visited)
 Temple: D:4-7

Altars:

Shops:
D:1 [


Innate Abilities, Weirdness & Mutations

You are too large for most types of armour.
You have claws for hands.
Your natural rate of healing is unusually fast.
You are covered in fur. (AC +1)
You have tough skin. (AC +1)


Message History

The boomerang barely misses the two-headed ogre.
Throw: 2 boomerangs
Press: ? - help, Q - select action, (/) - cycle Shift-Dir - straight line, f/p - two-headed ogre
Aim: a two-headed ogre, wielding two +0 giant clubs (75% to hit)
You throw a boomerang. The boomerang hits the two-headed ogre!
The two-headed ogre is lightly wounded.
Throw: 2 boomerangs
Press: ? - help, Q - select action, (/) - cycle Shift-Dir - straight line, f/p - two-headed ogre
Aim: a two-headed ogre, wielding two +0 giant clubs (lightly wounded, 75% to hit)
You throw a boomerang. The boomerang hits the two-headed ogre!
The two-headed ogre is moderately wounded.
Throw: 2 boomerangs
Press: ? - help, Q - select action, (/) - cycle Shift-Dir - straight line, f/p - two-headed ogre
Aim: a two-headed ogre, wielding two +0 giant clubs (moderately wounded, 75% to hit)
You throw a boomerang.
The boomerang completely misses the two-headed ogre.
Throw: 2 boomerangs
Press: ? - help, Q - select action, (/) - cycle Shift-Dir - straight line, f/p - two-headed ogre
Aim: a two-headed ogre, wielding two +0 giant clubs (moderately wounded, 75% to hit)
You throw a boomerang.
The boomerang completely misses the two-headed ogre.
Throw: 2 boomerangs
Press: ? - help, Q - select action, (/) - cycle Shift-Dir - straight line, f/p - two-headed ogre
Aim: a two-headed ogre, wielding two +0 giant clubs (lightly wounded, 75% to hit)
You throw a boomerang. The boomerang hits the two-headed ogre!
The two-headed ogre is heavily wounded.
The two-headed ogre hits you with a +0 giant club!!
The two-headed ogre hits you with a +0 giant club!
You scratch the two-headed ogre.
The two-headed ogre is heavily wounded.
The two-headed ogre hits you with a +0 giant club! x2
* * * LOW HITPOINT WARNING * * *
You barely miss the two-headed ogre.
The two-headed ogre is heavily wounded.
You scratch the two-headed ogre.
The two-headed ogre is heavily wounded.
The two-headed ogre hits you with a +0 giant club!!
* * * LOW HITPOINT WARNING * * *
The two-headed ogre hits you with a +0 giant club!
You die...

#....######..####..
#.##.....# ##.## #.
........## #..##
#........####.#.#
.........##.#.#.#
...#...##..#..#.##
.#..... ##.....#.#
....##..........#
...#.........[..@#
...##.##.#.....#O#
. #..........#
.........#..#
.............#
.....#.##....# ..
....# #...##


You could see a two-headed ogre.

Vanquished Creatures
  A black bear (D:4)
  2 ogres
  A gnoll sergeant (D:3)
  2 bullfrogs (Sewer)
  A howler monkey (D:4)
  A hound (D:4)
  2 sleepcaps (D:4)
  3 orc wizards
  An iguana (D:4)
  12 gnolls
  13 adders
  8 river rats
  5 worms
  2 dart slugs
  15 orcs
  7 endoplasms
  3 giant cockroaches
  5 goblins
  13 hobgoblins
  3 jackals (D:3)
  15 kobolds
  3 quokkas
  20 ball pythons
  8 bats
  9 frilled lizards
  34 rats
189 creatures vanquished.

Notes
Turn   | Place    | Note
-------+----------+-------------------------------------------
     0 | D:1      | anacleto the Troll Gladiator began the quest for the Orb.
     0 | D:1      | Reached XP level 1. HP: 19/19 MP: 0/0
   186 | D:1      | Reached XP level 2. HP: 28/28 MP: 1/1
   348 | D:1      | Found Kestos's Armour Shoppe.
   971 | D:1      | Reached XP level 3. HP: 35/35 MP: 2/2
  1385 | D:2      | Found a faded altar of an unknown god.
  1588 | D:2      | Reached skill level 4 in Unarmed Combat
  1805 | D:2      | Reached XP level 4. HP: 39/42 MP: 3/3
  2058 | D:3      | Reached XP level 5. HP: 35/50 MP: 4/4
  2073 | D:3      | Found a glowing drain.
  2079 | Sewer    | Entered a sewer
  2305 | Sewer    | Reached skill level 5 in Unarmed Combat
  2511 | Sewer    | Reached XP level 6. HP: 21/61 MP: 5/5
  2876 | D:3      | Reached skill level 6 in Unarmed Combat
  2923 | D:3      | Reached XP level 7. HP: 64/67 MP: 6/6
  3845 | D:4      | Reached skill level 7 in Unarmed Combat
  4170 | D:4      | Reached XP level 8. HP: 29/78 MP: 7/7
  4402 | D:5      | Entered Level 5 of the Dungeon
  4440 | D:5      | Noticed a two-headed ogre
  4449 | D:5      | HP: 2/78 [two-headed ogre/+0 giant club (22)]
  4449 | D:5      | Demolished by a two-headed ogre

Illustrated notes

Levels and vault maps discovered:
D:1:      amcnicky_arrival_blooded_trapdoor, layout_basic,
          serial_co_window_serial, co_window_corner_a, co_window_paths_b,
          co_window_paths_a, co_window_corner_a, co_window_of_opportunity_a,
          co_window_broadway_a, co_window_of_opportunity_b,
          co_window_unsneaky_path_e, co_window_2corner,
          co_window_unsneaky_path_b, co_window_paths_d, glass_columns_a,
          glass_columns_c, glass_columns_a, glass_columns_a, glass_columns_b,
          serial_shops, shop, minmay_misc_feat_rows, minmay_pentomino_p2
D:2:      layout_loops_corners, shapermc_ecumenical_altar_ellora,
          chequers_serial_rivers_micro_b
D:3:      layout_basic, lightli_sewer_entry_pipes
D:4:      layout_loops_ring, minmay_divided_ellipse
D:5:      cheibrodos_fertilizer, layout_layer_cave,
          minmay_overflow_temple_star_hex

Skill      XL: |  1  2  3  4  5  6  7 |
---------------+----------------------+-----
Throwing       | 2 3 4 |  4.6
Fighting       | 2 3 4 |  4.2
Unarmed Combat | 4 5 6 7 |  7.5
Dodging        | |  2.4

Action                     |  1- 3 |  4- 6 |  7- 9 || total
---------------------------+-------+-------+-------++-------
  Melee: Unarmed           |    82 |   233 |   124 ||   439
         Punch             |     1 |     5 |     2 ||     8
  Throw: Throwing net      |     5 |       |     1 ||     6
         Large rock        |     1 |       |       ||     1
         Dart              |       |       |     4 ||     4
         Boomerang         |       |       |    16 ||    16
    Use: Potion            |       |     5 |       ||     5
         Scroll            |       |     4 |     3 ||     7
   Stab: Sleeping          |     2 |       |       ||     2
         Held in net/web   |     1 |       |       ||     1
 Armour: Robe              |    28 |   106 |    25 ||   159
         Skin              |       |    11 |       ||    11
  Dodge: Dodged            |    42 |   203 |    38 ||   283
